 Dungeon Crawl Stone Soup version 0.18-a0-1378-g7babcad (webtiles) character file.

1342 Gottschkopf the Ruffian (level 8, 0/64 HPs)
             Began as a Grey Draconian Transmuter on Feb 22, 2016.
             Was a Follower of Dithmenos.
             Slain by a wight
             ... wielding a +1 hand axe
              (2 damage)
             ... on level 6 of the Dungeon.
             The game lasted 00:18:29 (7095 turns).

Gottschkopf the Ruffian (Grey Draconian Transmuter) Turns: 7095, Time: 00:18:29

Health: 0/64       AC:  2    Str: 12    XL:     8   Next: 35%
Magic:  12/14      EV: 20    Int: 17    God:    Dithmenos [*.....]
Gold:   255        SH:  0    Dex: 16    Spells: 3 memorised, 9 levels left

rFire  . . .     SeeInvis .       - Unarmed
rCold  . . .     Gourm    .     (armour unavailable)
rNeg   . . .     Faith    .     (shield currently unavailable)
rPois  x         Spirit   .     (helmet currently unavailable)
rElec  .         Dismiss  .     (cloak currently unavailable)
rCorr  .         Reflect  .     (gloves currently unavailable)
SustAt .         Harm     .     (boots currently unavailable)
MR     .....                    (no amulet)
Stlth  ++........               (no ring)
                                (no ring)

@: spider-form, wreathed by umbra, heavily drained, not resistant to hostile
enchantments, unstealthy
A: (walk through water), unfitting armour, (unbreathing), (cold-blooded), AC +11
a: End Transformation, Renounce Religion


You were on level 6 of the Dungeon.
You worshipped Dithmenos.
Dithmenos was aware of your devotion.
You were hungry.
You were a venomous arachnid creature.
You visited 2 branches of the dungeon, and saw 7 of its levels.

You collected 255 gold pieces.

Inventory:

Missiles
 a - 27 arrows
 v - 2 arrows of dispersal
Scrolls
 f - 4 scrolls of identify {unknown}
 g - 3 scrolls of immolation {unknown}
 i - 2 scrolls of magic mapping {unknown}
 j - 2 scrolls of amnesia {unknown}
 m - a scroll of remove curse {unknown}
 p - 3 scrolls of enchant armour {unknown}
 q - a scroll of enchant weapon {unknown}
 s - a scroll of fog {unknown}
 u - 2 scrolls of blinking {unknown}
Potions
 e - 2 potions of heal wounds {unknown}
 k - 2 potions of brilliance {unknown}
 l - a potion of haste {unknown}
 n - a potion of curing {unknown}
 o - 2 potions of invisibility {unknown}
 r - a potion of cure mutation {unknown}
Books
 b - a book of Changes

   Spells                             Type                      Level
   a - Beastly Appendage              Transmutation                1
   b - Sticks to Snakes               Transmutation                2
   c - Spider Form                    Transmutation/Poison         3
   d - Ice Form                       Ice/Transmutation            4
   e - Blade Hands                    Transmutation                5
Comestibles
 c - 6 bread rations
 d - 4 fruits
 h - 2 beef jerkies
 t - 3 chunks of flesh


   Skills:
 - Level 3.6(2.1) Fighting
 - Level 4.6(3.0) Dodging
 * Level 2.9(1.4) Stealth
 - Level 5.0(3.4) Unarmed Combat
 - Level 4.2(2.6) Spellcasting
 - Level 4.3(2.8) Transmutations
 - Level 3.0(1.5) Poison Magic


You had 9 spell levels left.
You knew the following spells:

 Your Spells              Type           Power        Failure   Level  Hunger
a - Beastly Appendage     Trmt           ##....       24%         1    #......
b - Sticks to Snakes      Trmt           ##......     28%         2    ##.....
c - Spider Form           Trmt/Pois      #.........   45%         3    ###....


Dungeon Overview and Level Annotations

Branches:
Dungeon (6/15)             Temple (1/1) D:4

Altars:
Dithmenos
Fedhas
Gozag
Qazlal
Sif Muna
Trog
Zin


Innate Abilities, Weirdness & Mutations

((You can walk through water.))
((Your dull iron-grey scales are very hard (AC +11).))
Your body does not fit into most forms of armour.
((You can survive without breathing.))
((You are cold-blooded and may be slowed by cold attacks.))


Message History

The wight barely misses you.
You hit the wight.
The wight is heavily damaged.
The wight hits you with an enchanted hand axe.
* * * LOW HITPOINT WARNING * * *
You feel drained.
You hit the wight but do no damage.
The wight is moderately damaged.
The wight hits you with an enchanted hand axe.
* * * LOW HITPOINT WARNING * * *
The phantom blinks!
You barely miss the wight.
The wight is moderately damaged.
The wight closely misses you.
You closely miss the wight.
The wight is moderately damaged.
The wight hits you with an enchanted hand axe!
* * * LOW HITPOINT WARNING * * *
You feel drained.
You die...

.....# #..###.....## #.##
.....#########.###..#.#..#####.##
...................##.##.......##
.......#######.######.####.....##
...>.#..### #..# #.# #.......
#######...###.## ###)########)##
###..##.# #.....<...#....
##########..#.#####.W.......#....
................szzz........#...#
###################.........#...#
###########...# #####


You could see a phantom and 3 wights.

Vanquished Creatures
  Duvessa (D:5)
  3 ogres
  2 phantoms
  Blork the orc (D:5)
  Dowan (D:5)
  A water moccasin skeleton (D:4)
  A scorpion (D:5)
  A wight (D:6)
  2 crimson imps (D:6)
  2 hounds
  A jelly (D:5)
  A giant frog zombie (D:6)
  A centaur skeleton (D:5)
  An iguana (D:6)
  2 worker ants (D:6)
  A hound zombie (D:5)
  3 gnolls (D:5)
  10 adders
  An ooze (D:2)
  6 worms
  4 giant geckos
  8 orcs
  3 ball pythons
  4 giant cockroaches
  9 goblins
  6 hobgoblins
  19 jackals
  3 quokkas
  9 bats
  A giant gecko skeleton (D:4)
  8 giant newts
  6 kobolds
  3 rats
125 creatures vanquished.

Notes
Turn   | Place    | Note
--------------------------------------------------------------
     0 | D:1      | Gottschkopf the Draconian Transmuter began the quest for the Orb.
     0 | D:1      | Reached XP level 1. HP: 16/16 MP: 3/3
    76 | D:1      | Reached XP level 2. HP: 21/23 MP: 3/5
   101 | D:1      | Learned a level 2 spell: Sticks to Snakes
   842 | D:2      | Reached XP level 3. HP: 27/29 MP: 4/6
   847 | D:2      | Learned a level 3 spell: Spider Form
  1233 | D:2      | Reached XP level 4. HP: 14/36 MP: 5/7
  1688 | D:2      | Reached skill level 1 in Poison Magic
  1999 | D:3      | Found a shadowy altar of Dithmenos.
  2003 | D:3      | Became a worshipper of Dithmenos the Shadowed
  2572 | D:3      | Reached XP level 5. HP: 38/41 MP: 6/8
  2652 | D:3      | Reached * piety under Dithmenos
  3115 | D:4      | Found a staircase to the Ecumenical Temple.
  3126 | Temple   | Entered the Ecumenical Temple
  3470 | D:4      | Found a blossoming altar of Fedhas.
  3497 | D:4      | Found a glowing silver altar of Zin.
  3926 | D:4      | Found an opulent altar of Gozag.
  3967 | D:4      | Reached XP level 6. HP: 26/48 MP: 10/10
  4302 | D:4      | Reached skill level 4 in Unarmed Combat
  4340 | D:5      | Entered Level 5 of the Dungeon
  4492 | D:5      | Noticed Blork the orc
  4508 | D:5      | Killed Blork the orc
  4820 | D:5      | Reached XP level 7. HP: 56/56 MP: 10/12
  4820 | D:5      | Your scales start taking on a dull iron-grey colour.
  4820 | D:5      | Gained mutation: You can survive without breathing. [Grey Draconian growth]
  5664 | D:5      | Noticed Duvessa
  5666 | D:5      | Noticed Dowan
  5687 | D:5      | Killed Duvessa
  5706 | D:5      | Killed Dowan
  6265 | D:6      | Reached XP level 8. HP: 44/63 MP: 14/14
  6449 | D:6      | Reached skill level 5 in Unarmed Combat
  6765 | D:6      | Reached skill level 1 in Stealth
  7095 | D:6      | HP: 2/64 [wight/enchanted hand axe (7)]
  7095 | D:6      | Slain by a wight

Vault maps used:
D:1:      minmay_arrival_checkered_box
D:3:      grunt_dithmenos_smoke_and_mirrors
D:4:      nicolae_overflow_crystal_walls, lemuel_doored_altar,
          lemuel_crystal_altar, minmay_temple_entry_water_ring, first_bread
D:5:      lemuel_upstairs_altar, uniq_blork_the_orc, uniq_duvessa
Temple:   triangle_lava_temple_12

Action                   |  1- 3 |  4- 6 |  7- 9 || total
-------------------------+-------+-------+-------++-------
Melee: Unarmed           |   126 |   281 |   216 ||   623
 Cast: Beastly Appendage |    19 |    33 |     8 ||    60
       Spider Form       |     1 |     6 |    14 ||    21
 Stab: Sleeping          |       |     2 |       ||     2
  Eat: Chunk             |     2 |    12 |     8 ||    22
       Fruit             |       |       |     1 ||     1
